 Dungeon Crawl Stone Soup version 0.31-a0-1589-g8f5e8aebd6 (webtiles) character file.

Game seed: 17869441042510580209

5693 raph the Covert (level 10, -15/51 HPs)
             Began as a Spriggan Enchanter on Jan 5, 2024.
             Was a Believer of Dithmenos.
             Demolished by a red ugly thing (22 damage)
             ... on level 8 of the Dungeon.
             The game lasted 00:18:53 (8251 turns).

raph the Covert (Spriggan Enchanter)                Turns: 8251, Time: 00:18:53

Health: -15/51     AC:  7    Str:  6    XL:     10   Next: 47%
Magic:  21/21      EV: 25    Int: 18    God:    Dithmenos [**....]
Gold:   140        SH:  5    Dex: 25    Spells: 11/22 levels left

rFire   . . .        a - +7 dagger "Bikynke" {flame, Str+2}
rCold   . . .        (no shield)
rNeg    . . .        h - +0 robe
rPois   .            (helmet restricted)
rElec   .            f - +0 cloak
rCorr   .            (gloves unavailable)
SInv    +            (boots unavailable)
Will    +....        p - amulet of reflection
Stlth   ++++++++     d - +4 ring of protection
HPRegen 0.28/turn    r - +6 ring of dexterity
MPRegen 0.17/turn

%: reflection
@: wreathed by umbra, very quick
A: very small, no large weapons, unfitting armour, see invisible, speed 3
a: Renounce Religion, Shadow Step


You were on level 8 of the Dungeon.
You worshipped Dithmenos.
Dithmenos was pleased with you.
You visited 2 branches of the dungeon, and saw 9 of its levels.

You collected 377 gold pieces.
You spent 237 gold pieces at shops.

Inventory:

Hand Weapons
 a - the +7 dagger "Bikynke" (weapon) {flame, Str+2}
   (You found it on level 3 of the Dungeon)

   Str+2:     It affects your strength (+2).
 b - a +2 dagger of venom
 q - a +1 dagger
Missiles
 s - 4 poisoned darts
 F - 2 throwing nets
Armour
 f - a +0 cloak (worn)
 h - a +0 robe (worn)
Jewellery
 d - a +4 ring of protection (left hand)
 i - a +6 ring of strength
 p - an amulet of reflection (around neck)
 r - a +6 ring of dexterity (right hand)
 B - an amulet of magic regeneration
Talismans
 g - a flux talisman
Wands
 v - a wand of flame (16)
 x - a wand of mindburst (7)
 y - a wand of polymorph (10)
 D - a wand of iceblast (12)
Scrolls
 k - 2 scrolls of enchant weapon
 w - a scroll of teleportation
 C - a scroll of amnesia
Potions
 c - 3 potions of invisibility
 e - a potion of magic
 j - 2 potions of attraction
 l - 2 potions of might
 m - 2 potions of curing
 n - 3 potions of brilliance
 o - a potion of enlightenment {unknown}
 t - 2 potions of heal wounds
 u - 2 potions of lignification
 z - a potion of resistance
 A - 2 potions of haste {unknown}
Miscellaneous
 E - a phantom mirror


   Skills:
 + Level 4.6 Fighting
 + Level 7.0 Short Blades
 + Level 8.0 Dodging
 * Level 13.9 Stealth
 + Level 6.9 Spellcasting
 * Level 8.2 Hexes
 + Level 0.0 Invocations


You had 11 spell levels left.
You knew the following spells:

 Your Spells              Type           Power      Damage    Failure   Level
a - Ensorcelled Hibernat  Hex/Ice        42%        N/A       3%          2
b - Confusing Touch       Hex            36%        N/A       1%          3
c - Tukima's Dance        Hex            36%        N/A       1%          3
d - Dazzling Flash        Conj/Hex       42%        N/A       6%          3

Your spell library contained the following spells:

 Spells                   Type           Power      Damage    Failure   Level
 Jinxbite                 Hex            72%        N/A       1%          2
 Inner Flame              Hex/Fire       21%        N/A       6%          3
 Apportation              Tloc           12%        N/A       11%         1
 Freeze                   Ice            24%        1d4       11%         1
 Sandblast                Erth           12%        2d6       11%         1
 Frozen Ramparts          Ice            12%        1d2       32%         3
 Hailstorm                Conj/Ice       6%         3d5       32%         3
 Passwall                 Erth           6%         N/A       32%         3
 Stone Arrow              Conj/Erth      12%        3d7       32%         3
 Brom's Barrelling Bould  Conj/Erth      6%         2d3       73%         4
 Flame Wave               Conj/Fire      6%         2d5       73%         4
 Sticky Flame             Fire/Alch      6%         2d4       73%         4
 Alistair's Intoxication  Alch           4%         N/A       97%         5


Dungeon Overview and Level Annotations

Branches:
Dungeon (8/15)             Temple (1/1) D:6
   Lair: D:8-11

Altars:
Ashenzari
Cheibriados
Dithmenos
Elyvilon
Fedhas
Gozag
Hepliaklqana
Kikubaaqudgha
Makhleb
Nemelex Xobeh
Okawaru
Qazlal
Ru
Sif Muna
Trog
Wu Jian
Xom
Yredelemnul
Zin
The Shining One

Shops:
D:6 *   D:8 [(((

Annotations:
D:5 2 transporters, p0werm0de's ghost, novice OnCK
D:8 Gastronok


Innate Abilities, Weirdness & Mutations

You are very small and have problems with some larger weapons.
You are too small for most types of armour.
You have supernaturally acute eyesight. (SInv)
You cover ground extremely quickly. (Speed+++)


Message History

You climb upwards.
There is a stone staircase leading down here.
Casting: Ensorcelled Hibernation (safe; 3% risk of failure)
Confirm with . or Enter, or press ? or * to list all spells.
Aiming: Ensorcelled Hibernation (safe; 3% risk of failure)
Press: ? - help, Shift-Dir - straight line, f - killer bee
Aim: a killer bee (umbra, chance to affect: 62%)
The killer bee resists with significant effort.
The killer bee stings you but does no damage.
The killer bee completely misses you.
You hit the killer bee. You burn the killer bee.
The killer bee is lightly wounded.
The killer bee barely misses you. The killer bee completely misses you.
Casting: Ensorcelled Hibernation (safe; 3% risk of failure)
Confirm with . or Enter, or press ? or * to list all spells.
Aiming: Ensorcelled Hibernation (safe; 3% risk of failure)
Press: ? - help, Shift-Dir - straight line, f/p - killer bee
Aim: a killer bee (lightly wounded, umbra, chance to affect: 62%)
The killer bee looks drowsy...
The helpless killer bee fails to defend itself.
You skewer the killer bee like a kebab!!!!
You burn the killer bee.
You kill the killer bee!
Dithmenos accepts your kill.
You see here a killer bee corpse.
You start resting.
Magic restored.
You start waiting.
Done waiting.
There is a stone staircase leading down here.
You climb downwards.
Level annotation: Gastronok The red ugly thing punches you!
You are engulfed in flames!!
There is a stone staircase leading up here.
A killer bee comes into view.
The red ugly thing attacks as it pursues you!
The red ugly thing punches you!
* * * LOW HITPOINT WARNING * * *
You are engulfed in flames!!
You die...

...#...##. ......... .
........ .. ...#... #..
#....# .....# #.###(...#
...... ...... #.#.#....#..
...... ......#####....@# #...
..w.)
...l...8......u###....###...
..............<...#.....##..#
..#.......<..........##.#...
..#..........#.)...####....#
....8...∩l..8##...####.....#
.........y....∩)..# #.....##
......>......)..### #.....#
...............## ##....##


You could see a red ugly thing, a komodo dragon (wandering) and a killer bee
(wandering).

Vanquished Creatures
  2 two-headed ogres (D:7)
  A manticore (D:7)
  4 gargoyles (D:7)
  A tengu conjurer (D:8)
  2 trolls (D:8)
  Grinder (D:6)
  A water moccasin (D:6)
  An ice beast (D:7)
  2 orc warriors
  2 ogres
  2 boggarts (D:7)
  A centaur (D:8)
  A phantom (D:5)
  2 bullfrogs (D:7)
  A scorpion (D:6)
  A killer bee (D:7)
  2 howler monkeys
  2 jellies
  2 gnoll boudas
  3 orc priests
  3 bombardier beetles
  4 hounds
  4 iguanas
  4 orc wizards
  11 gnolls
  10 adders
  A shadow imp (D:7)
  A white imp (D:5)
  4 ufetubi (D:5)
  5 dart slugs
  A ribbon worm (D:5)
  11 orcs
  3 bats
  2 endoplasms
  5 giant cockroaches
  5 goblins
  9 hobgoblins
  11 jackals
  6 kobolds
  6 quokkas
  9 ball pythons
  6 frilled lizards
  3 rats
158 creatures vanquished.

Vanquished Creatures (collateral kills)
  2 gnolls (D:7)
2 creatures vanquished.

Grand Total: 160 creatures vanquished

Notes
Turn   | Place    | Note
-------+----------+-------------------------------------------
     0 | D:1      | raph the Spriggan Enchanter began the quest for the Orb.
     0 | D:1      | Reached XP level 1. HP: 9/9 MP: 5/5
   432 | D:1      | Reached XP level 2. HP: 13/13 MP: 6/6
   634 | D:1      | Learned a level 2 spell: Ensorcelled Hibernation
   865 | D:1      | Reached skill level 5 in Stealth
   911 | D:1      | Found a faded altar of an unknown god.
   980 | D:1      | Reached XP level 3. HP: 9/16 MP: 8/8
  1702 | D:2      | Learned a level 3 spell: Confusing Touch
  1748 | D:2      | Reached XP level 4. HP: 21/21 MP: 6/9
  2288 | D:3      | Identified the +7 dagger "Bikynke" {flame, Str+2}
  2330 | D:3      | Reached skill level 6 in Stealth
  2476 | D:3      | Found a burning altar of Makhleb.
  2477 | D:3      | Found a shadowy altar of Dithmenos.
  2522 | D:3      | Learned a level 3 spell: Tukima's Dance
  3020 | D:4      | Reached XP level 5. HP: 24/24 MP: 10/10
  3191 | D:4      | Reached skill level 7 in Stealth
  3235 | D:3      | Became a worshipper of Dithmenos the Shadowed
  3354 | D:4      | Reached XP level 6. HP: 29/29 MP: 5/11
  3426 | D:4      | Reached skill level 5 in Hexes
  3440 | D:4      | Reached skill level 1 in Fighting
  3650 | D:5      | Entered Level 5 of the Dungeon
  3661 | D:5      | Reached skill level 8 in Stealth
  3700 | D:5      | Found a transporter.
  3704 | D:5      | Noticed a small abomination
  3709 | D:5      | Found a transporter.
  3712 | D:5      | Noticed p0werm0de's ghost (novice OnCK)
  3970 | D:5      | Reached XP level 7. HP: 23/33 MP: 9/12
  4513 | D:5      | Reached skill level 9 in Stealth
  4514 | D:5      | Reached * piety under Dithmenos
  5218 | D:6      | Found Xinam's Assorted Antiques.
  5222 | D:6      | Bought a potion of curing for 81 gold pieces
  5251 | D:6      | Bought a fizzy sapphire potion for 24 gold pieces
  5269 | D:6      | Found a staircase to the Ecumenical Temple.
  5276 | D:6      | Noticed Grinder
  5287 | D:6      | Killed Grinder
  5288 | D:6      | Reached skill level 5 in Dodging
  5288 | D:6      | Reached XP level 8. HP: 39/39 MP: 10/15
  5648 | D:6      | Reached skill level 10 in Stealth
  5650 | D:6      | Found a shimmering blue altar of Sif Muna.
  5679 | D:6      | Found a blossoming altar of Fedhas.
  6008 | D:6      | Found a stormy altar of Qazlal.
  6008 | D:6      | Found a faded altar of an unknown god.
  6016 | D:6      | Found a shimmering altar of Xom.
  6019 | D:6      | Found an ancient bone altar of Kikubaaqudgha.
  6021 | D:6      | Found a faded altar of an unknown god.
  6207 | D:6      | Bought a wooden wand for 108 gold pieces
  6207 | D:6      | Bought a fuming white potion for 24 gold pieces
  6232 | Temple   | Entered the Ecumenical Temple
  6254 | D:6      | Reached skill level 5 in Short Blades
  6259 | D:6      | Learned a level 3 spell: Dazzling Flash
  6390 | D:7      | Noticed a two-headed ogre
  6390 | D:7      | Noticed a two-headed ogre
  6759 | D:7      | Found a hazy altar of Hepliaklqana.
  6794 | D:7      | Reached skill level 11 in Stealth
  6806 | D:7      | Reached skill level 5 in Spellcasting
  6863 | D:7      | Noticed a gargoyle
  6865 | D:7      | Killed a gargoyle
  6866 | D:7      | Reached XP level 9. HP: 44/44 MP: 17/17
  6871 | D:7      | Noticed a gargoyle
  6873 | D:7      | Killed a gargoyle
  6888 | D:7      | Noticed a gargoyle
  6890 | D:7      | Killed a gargoyle
  6891 | D:7      | Reached skill level 12 in Stealth
  6903 | D:7      | Noticed a gargoyle
  6905 | D:7      | Killed a gargoyle
  7011 | D:7      | Noticed a manticore
  7031 | D:7      | Killed a manticore
  7194 | D:7      | Killed a two-headed ogre
  7194 | D:7      | Reached ** piety under Dithmenos
  7195 | D:7      | Reached skill level 13 in Stealth
  7195 | D:7      | Reached XP level 10. HP: 50/50 MP: 8/20
  7236 | D:7      | Killed a two-headed ogre
  7554 | D:8      | Noticed a manticore
  7943 | D:8      | Found Osoint's Armour Shoppe.
  7944 | D:8      | Found Yxofetes's Antique Weapon Shop.
  8065 | D:8      | Found Pemp's Weapon Boutique.
  8067 | D:8      | Found Ynezuf's Weapon Shop.
  8089 | D:8      | Noticed a red ugly thing
  8094 | D:8      | Noticed Gastronok
  8251 | D:8      | Demolished by a red ugly thing

Illustrated notes

Levels and vault maps discovered:
D:1:      dpeg_arrival_houses_and_road, layout_loops_ring,
          ebering_ecumenical_altar_hall, nicolae_the_louvre
D:2:      layout_loops_ring, dreamdust_princess_corridor
D:3:      layout_loops_ring, nicolae_overflow_hidden_temple,
          chequers_serial_rivers_room_a
D:4:      layout_rooms, st_stairs_7
D:5:      layout_cave_pods, gammafunk_ghost_abyssal_escape, nrook_uturn
D:6:      layout_basic, kennysheep_orc_sif_temple,
          chequers_temple_overflow_minitemple, old_standard_altar,
          minmay_temple_entry_crystal_x, serial_shops,
          nicolae_shop_just_a_little_nook, uniq_grinder
D:7:      cheibrodos_statue_roulette, layout_rooms,
          mainiacjoe_overflow_alcove_4, nicolae_phantomly_mirrored
D:8:      minmay_diamond_stairs, layout_cave_pools, vehumet_crystals,
          david_lair_shrubbed, serial_shops, shop, shop, nicolae_stop_n_shop_1,
          nicolae_lakefront_shop, nicolae_shop_stone, uniq_gastronok
Temple:   chequers_temple_sunken

Skill      XL: |  1  2  3  4  5  6  7  8  9 10 |
---------------+-------------------------------+-----
Dodging        | 3 4 5 6 7 8 |  8.0
Hexes          | 4 5 6 7 8 |  8.2
Stealth        | 5 6 7 8 9 11 13 | 13.9
Short Blades   | 2 3 4 5 6 7 |  7.0
Fighting       | 1 2 3 4 |  4.6
Spellcasting   | 3 4 5 6 |  6.9

Action                     |  1- 3 |  4- 6 |  7- 9 | 10-12 || total
---------------------------+-------+-------+-------+-------++-------
  Melee: Dagger            |   115 |    94 |   121 |    18 ||   348
         Punch             |     2 |     2 |     2 |       ||     6
   Cast: Ensorcelled Hiber |    16 |    16 |    29 |    13 ||    74
         Confusing Touch   |       |     1 |     5 |       ||     6
         Tukima's Dance    |       |       |     3 |       ||     3
  Evoke: Wand              |       |       |       |     1 ||     1
    Use: Scroll            |       |     7 |    13 |       ||    20
         Potion            |       |       |     1 |       ||     1
   Stab: Sleeping          |    21 |    30 |    29 |    11 ||    91
         Distracted        |     1 |     1 |       |       ||     2
         Confused          |       |     1 |     3 |       ||     4
 Armour: Robe              |    33 |    17 |    19 |     7 ||    76
  Dodge: Dodged            |    65 |    46 |    83 |    19 ||   213
  Block: Other             |       |       |    17 |     2 ||    19
         Form:             |       |       |     1 |       ||     1
         Flux              |       |       |     1 |       ||     1

Table legend: (Time is in decaauts)
 A = Elapsed time spent in this place.
 B = Non-inter-level travel time spent in this place.
 C = Inter-level travel time spent in this place.
 D = Time resting spent in this place.
 E = Time spent auto-exploring this place.
 F = Levels seen in this place.
 G = Mean time per level.
                   A        B        C        D        E       F      G
               +--------+--------+--------+--------+--------+-----+--------+
         Total |   6275 |   6039 |    236 |   2253 |   2481 |   9 |  697.2 |
       Dungeon |   6271 |   6035 |    236 |   2253 |   2481 |   8 |  783.9 |
        Temple |      4 |      4 |      0 |      0 |      0 |   1 |    4.0 |
               +--------+--------+--------+--------+--------+-----+--------+

Top non-repeatable levels by time:
     D:7: 1471 daAuts
     D:5: 1152 daAuts
     D:1: 1106 daAuts
     D:6: 855 daAuts
     D:2: 614 daAuts
     D:3: 523 daAuts
     D:4: 406 daAuts
     D:8: 141 daAuts
  Temple: 4 daAuts
